 Dungeon Crawl Stone Soup version 0.30.0-18-gc0e69614cb (webtiles) character file.

Game seed: 11586648226853839156

32 monsoonserge the Sneak (level 3, -3/21 HPs)
             Began as a Kobold Brigand on May 25, 2023.
             Slain by Natasha (10 damage)
             ... on level 2 of the Dungeon.
             The game lasted 00:01:58 (355 turns).

monsoonserge the Sneak (Kobold Brigand)              Turns: 355, Time: 00:01:58

Health: -3/21      AC:  6    Str:  8    XL:     3   Next: 45%
Magic:  3/3        EV: 12    Int: 12    God:
Gold:   38         SH:  0    Dex: 18    Spells: 2/2 levels left

rFire   . . .        a - +2 dagger
rCold   . . .        (no shield)
rNeg    . . .        j - +0 ring mail
rPois   .            (no helmet)
rElec   .            c - +0 cloak
rCorr   .            (no gloves)
SInv    .            (no boots)
Will    .....        (no amulet)
Stlth   ++++         (no ring)
HPRegen 0.23/turn    (no ring)
MPRegen 0.08/turn

%: no passive effects
@: no status effects
A: small, no large weapons, nightstalker 3
a: no special abilities


You were on level 2 of the Dungeon.
You visited 1 branch of the dungeon, and saw 2 of its levels.

You collected 38 gold pieces.

Inventory:

Hand Weapons
 a - a +2 dagger (weapon)
Missiles
 d - 8 poisoned darts
 e - 2 curare-tipped darts (quivered)
Armour
 b - a +0 robe
 c - a +0 cloak (worn)
 j - a +0 ring mail (worn)
Scrolls
 f - a scroll of blinking {unknown}
 g - a scroll of immolation {unknown}
 h - a scroll of enchant weapon {unknown}
 i - a scroll of poison {unknown}


   Skills:
 + Level 2.2 Fighting
 + Level 3.0 Short Blades
 + Level 2.4 Throwing
 * Level 0.3 Armour
 + Level 1.2 Dodging
 + Level 6.4 Stealth


You had 2 spell levels left.
You didn't know any spells.
Your spell library was empty.

Dungeon Overview and Level Annotations

Branches:
Dungeon (1/15)

Altars:

Shops:
D:2 ?

Annotations:
D:2 Natasha


Innate Abilities, Weirdness & Mutations

You are small and have problems with some larger weapons.
You are completely attuned to the shadows.


Message History

Natasha shimmers violently.
Natasha closely misses you.
You hit Natasha.
Natasha is moderately wounded.
Natasha stares at you and mumbles some strange words.
The magic dart hits you.
You closely miss Natasha.
Natasha is moderately wounded.
You closely miss Natasha.
Natasha is moderately wounded.
Natasha casts a spell at you.
You feel yourself slow down.
You miss Natasha.
Natasha is lightly wounded.
Natasha zaps a wand.
The bolt of dispelling energy hits you!
Your magical effects are unravelling.
Okay, then.
It was a potion of heal wounds.
You feel much better.
You feel yourself speed up. Natasha casts a spell at you.
The magic dart hits you. Natasha claws you.
You hit Natasha but do no damage.
Natasha is lightly wounded.
Natasha stares at you and mumbles some strange words.
The magic dart hits you.
* * * LOW HITPOINT WARNING * * *
You barely miss Natasha.
Natasha is lightly wounded.
Natasha drinks a potion.
Natasha seems to grow stronger.
Throw: 3 darts (curare)
Press: ? - help, Q - select action, (/) - cycle Shift-Dir - straight line, f - Natasha
Aim: Natasha, carrying a wand of quicksilver (8) (lightly wounded, strong, 56% to hit)
You throw a curare-tipped dart. The curare-tipped dart hits Natasha.
Natasha is poisoned.
Natasha convulses.
Natasha seems to slow down.
Natasha is moderately wounded.
You hit Natasha.
Natasha is heavily wounded.
Natasha claws you!
You die...

#.....#
#.....####
........#
#......+
#...@h.#
#.###### #.#
###.######
#........#
#........#
#.....∩..#
#........# #
#........####.#


You could see Natasha (strong, very poisoned, slow).

Vanquished Creatures
  An adder (D:2)
  A worm (D:2)
  2 dart slugs
  3 ball pythons
  2 bats (D:2)
  An endoplasm (D:1)
  2 hobgoblins (D:2)
  2 quokkas
  2 frilled lizards (D:2)
  A kobold (D:2)
  A rat (D:2)
18 creatures vanquished.

Notes
Turn   | Place    | Note
-------+----------+-------------------------------------------
     0 | D:1      | monsoonserge the Kobold Brigand began the quest for the
                  | Orb.
     0 | D:1      | Reached XP level 1. HP: 12/12 MP: 1/1
    95 | D:1      | Reached XP level 2. HP: 16/17 MP: 2/2
   138 | D:1      | You fall into a shaft and drop 1 floor!
   264 | D:2      | Reached skill level 6 in Stealth
   292 | D:2      | Reached XP level 3. HP: 21/21 MP: 3/3
   321 | D:2      | Found Tyqaonk's Magic Scroll Emporium.
   343 | D:2      | Noticed Natasha
   355 | D:2      | Slain by Natasha

Illustrated notes

Levels and vault maps discovered:
D:1:      elethiomel_arrival_shortcut, layout_loops_ring,
          hangedman_decor_slide_cut, minmay_door_square
D:2:      minmay_angry_zag, layout_basic, serial_shops, shop,
          minmay_lizard_king, uniq_natasha

Skill      XL: |  1  2  3 |
---------------+----------+-----
Stealth        | 6 |  6.4
Short Blades   | 3 |  3.0
Fighting       | |  2.2
Throwing       | |  2.4
Armour         | |  0.3
Dodging        | |  1.2

Action                     || total
---------------------------++-------
  Melee: Dagger            ||    52
         Punch             ||     1
  Throw: Dart              ||     2
    Use: Potion            ||     1
   Stab: Sleeping          ||     9
 Armour: Ring mail         ||    11
  Dodge: Dodged            ||    24
